 Dungeon Crawl Stone Soup: Circus Animals version 1.7-37-g2c94cca (webtiles) character file.

341824 DarthKuruptios2 the Meteorologist (level 29, -18/281 HPs) *STANDARD*
             Began as a High Elf Conjurer on Oct 20, 2016.
             Was the Champion of Vehumet.
             Demolished by a tarantella (32 damage)
             ... on level 27 of a ziggurat on Oct 26, 2016.
             The game lasted 12:22:22 (114594 turns).

DarthKuruptios2 the Meteorologist (HECj)          Turns: 114594, Time: 12:22:23

Health: -18/281    AC:  1    Str: 15    XL:     29   Next: 91%
Magic:  150/150    EV: 18    Int: 44    God:    Vehumet [******]
Gold:   14466      SH:  0    Dex: 27    Spells: 8 memorised, 7 levels left

rFire  + . .     rPois    .     y - +11 hand axe "Didaic" (heavy curse)
rCold  . . .     rElec    .     p - +12 chain mail of the Apprentice (heavy curse)
rNeg   + . .     rCorr    .     q - +1 buckler "Ruskintowke" (heavy curse) MagicSh . . . SeeInvis .
                                w - +0 hat of Uvim {*Corrode Str+3 Int+5} StaminaSh . . . Faith .
                                V - +2 cloak (curse) RegenHP ..........
SustAt .                        r - +2 pair of gloves (curse) RegenSP ++++...... Dismiss .
                                l - +2 pair of boots (curse) RegenMP ++++...... Reflect .
                                g - amulet "Huitod" {QuickCast} (heavy curse)
MR     ++...     Harm     .     E - ring "Utad Zyl" {*Drain rF+ rN+ Str+3 Int+3} (curse)
Stlth  ..........               S - ring "Neneplodaph" {EV+3 Str+2 Int+6 Stlth-} (curse)

@: confused, lethally poisoned (-18 -> -238), corroded, very slightly
contaminated, non-regenerating, badly diseased, studying 5 skills, slow, very
resistant to hostile enchantments, extremely unstealthy
A: clever 3, clean dna 3, focussed dna 3
a: Renounce Religion
}: 9/20 runes: decaying, serpentine, barnacled, slimy, elven, silver, gossamer,
dwarven, creeping


You were on level 27 of a ziggurat.
You worshipped Vehumet.
Vehumet was exalted by your worship.
You were not hungry.

You visited 15 branches of the dungeon, and saw 66 of its levels.
You visited 2 ziggurats (completing 1), and saw 54 of their levels.
You also visited: Labyrinth, Trove, Ossuary, Volcano and Wizlab.

You collected 21654 gold pieces.
You spent 7188 gold pieces at shops.

Inventory:

Hand Weapons
 b - the +9 heavy crossbow "Sniper" {shredding, nevermiss, SInv}
   (You found it in a treasure trove)

   Any bolt fired from it inflicts extra damage.
   It lets you see invisible.
 f - the +8 whip "Snakebite" {curare, rPois}
   (You found it on level 16 of a ziggurat)

   It poisons the flesh of those it strikes.
   It protects you from poison.
 j - the +9 staff of Olgreb {rPois}
   (You found it on level 15 of a ziggurat)

   It protects you from poison.
 n - the +6 Majin-Bo {vamp, Archmagi MP+6 Int+6}
   (You found it in a wizard's laboratory)

   It inflicts no extra harm, but heals its wielder somewhat when it strikes a
   living foe.
   It affects your intelligence (+6).
   It affects your magic capacity (+6).
 u - the +5 pair of quick blades "Gyre" and "Gimble" {pierce, Dex-3}
   (You found it on level 25 of a ziggurat)

   It inflicts extra damage upon your enemies.
   It affects your dexterity (-3).
 y - the heavily cursed +11 hand axe "Didaic" (weapon)
   (You found it on level 5 of the Lair of Beasts)

   It has a curse placed upon it.
   (1247)
 M - the +10 dark maul {crush}
   (You found it on level 25 of a ziggurat)

   It inflicts extra damage upon your enemies.
Armour
 a - the +5 robe of Night {Dark MR+ SInv}
   (You found it on level 15 of a ziggurat)

   It affects your resistance to hostile enchantments.
   It lets you see invisible.
 c - the +6 chain mail of Esydim {RegenHP+ MP+25 Str+2}
   (You found it on level 10 of a ziggurat)

   It affects your strength (+2).
   It affects your magic capacity (+25).
   It increases your rate of regeneration.
 d - the +4 moon troll leather armour {MagicShield, RegenHP++ MP+5}
   (You found it on level 4 of a ziggurat)

   It affects your magic capacity (+5).
   It increases your rate of regeneration.
 e - the +10 plate armour of Wuimiu Cune {+Inv rElec MP-25 Int+6}
   (You found it on level 10 of a ziggurat)

   It affects your intelligence (+6).
   It insulates you from electricity.
   It affects your magic capacity (-25).
   It lets you turn invisible.
 i - the +4 robe of the Insatiable Lies {rF++ Dex+3}
   (You found it on level 5 of the Dungeon)

   It affects your dexterity (+3).
   It greatly protects you from fire.
 k - the +15 plate armour of the King of the Hill {*Corrode rPois Str+2}
   (You found it on level 24 of a ziggurat)

   It affects your strength (+2).
   It protects you from poison.
   It may corrode you when you take damage.
 l - a heavily cursed +2 pair of boots (worn)
 p - the heavily cursed +12 chain mail of the Apprentice (worn)
   (You found it on level 15 of a ziggurat)

   It has a curse placed upon it.
   (2018)
 q - the heavily cursed +1 buckler "Ruskintowke" (worn)
   (You found it on level 24 of a ziggurat)

   It has a curse placed upon it.
   (2861)
 r - a heavily cursed +2 pair of gloves (worn)
 v - the +4 ring mail "Quskaqa" {+Blink MR- Int+5}
   (You found it on level 20 of a ziggurat)

   It affects your intelligence (+5).
   It affects your resistance to hostile enchantments.
   It lets you blink.
 w - the +0 hat of Uvim (worn) {*Corrode Str+3 Int+5}
   (You acquired it on level 25 of a ziggurat)

   It affects your strength (+3).
   It affects your intelligence (+5).
   It may corrode you when you take damage.
 C - the +1 buckler of Loss {MP+25}
   (You found it on level 17 of a ziggurat)

   It affects your magic capacity (+25).
 G - the +2 hat of the Bear Spirit {MagicShield, +Rage rN+ MR++}
   (You found it on level 17 of a ziggurat)

   It protects you from negative energy.
   It affects your resistance to hostile enchantments.
   It lets you go berserk.
 H - a +0 crystal plate armour
 V - a cursed +2 cloak (worn)
 Y - the +3 warlock's mirror {reflect}
   (You acquired it on level 4 of the Dwarven Fortress)
Jewellery
 g - the heavily cursed amulet "Huitod" (around neck) {QuickCast}
   (You found it in a treasure trove)

   [amulet of quick casting]

   It allows you to cast spells more quickly.
   It has a curse placed upon it.
   (1899)
 m - the ring of Free Will {Wiz Str-2 Dex+5 SInv}
   (You found it on level 23 of a ziggurat)

   [ring of wizardry]

   It improves your spell success rate.
   It affects your strength (-2).
   It affects your dexterity (+5).
   It lets you see invisible.
 s - the ring of Raleanegg {rElec rC+ MR+ Str+2 Int-3, unknown}
   (You found it on level 24 of a ziggurat)

   [ring of strength]

   It affects your strength (+2).
   It affects your intelligence (-3).
   It protects you from cold.
   It insulates you from electricity.
   It affects your resistance to hostile enchantments.
 t - the amulet "Plog" {QuickCast rElec Int+2 Dex+2, unknown}
   (You found it on level 24 of a ziggurat)

   [amulet of quick casting]

   It allows you to cast spells more quickly.
   It affects your intelligence (+2).
   It affects your dexterity (+2).
   It insulates you from electricity.
 z - the amulet of Levity {MagicShield rElec Dex+5 Stlth-}
   (You found it in a treasure trove)

   [amulet of magic shield]

   It causes incoming damage to be split between your health and magic.
   It affects your dexterity (+5).
   It insulates you from electricity.
   It makes you less stealthy.
 E - the cursed ring "Utad Zyl" (right hand) {*Drain rF+ rN+ Str+3 Int+3}
   (You found it on level 1 of the Snake Pit)

   [ring of strength]

   It affects your strength (+3).
   It affects your intelligence (+3).
   It protects you from fire.
   It protects you from negative energy.
   It causes draining when unequipped.
   It has a curse placed upon it.
   (889)
 F - the ring "Nydon" {rPois rN++ Dex+3 SP-25}
   (You found it on level 23 of a ziggurat)

   [ring of dexterity]

   It affects your dexterity (+3).
   It protects you from poison.
   It greatly protects you from negative energy.
   It affects your stamina capacity (-25).
 J - the ring of Shadows {Umbra +Inv Stlth+}
   (You found it on level 10 of a ziggurat)

   [ring of stealth]

   It lets you turn invisible.
   It makes you more stealthy.
 K - the amulet of Joonkuil {RegenMP rPois rC+ Slay+6}
   (You found it on level 20 of a ziggurat)

   [amulet of magic regeneration]

   It increases your magic regeneration.
   It affects your accuracy and damage with ranged weapons and melee attacks
   (+6).
   It protects you from cold.
   It protects you from poison.
 L - the ring of Kikubaaqudgha's Scorn {rElec rF++ rN+ Dex+5}
   (You found it on level 11 of a ziggurat)

   [ring of dexterity]

   It affects your dexterity (+5).
   It greatly protects you from fire.
   It insulates you from electricity.
   It protects you from negative energy.
 N - the ring of Zin's Vengeance {EV+4 Int-3 Dex+4, unknown}
   (You found it on level 26 of a ziggurat)

   [ring of evasion]

   It affects your evasion (+4).
   It affects your intelligence (-3).
   It affects your dexterity (+4).
 O - the amulet of Zuigie {RegenSP Int+2, unknown}
   (You found it on level 26 of a ziggurat)

   [amulet of stamina regeneration]

   It increases your stamina regeneration.
   It affects your intelligence (+2).
 Q - the ring of Bejuhisch {rF+ rC+ Int+3 SP+25}
   (You found it on level 22 of a ziggurat)

   [ring of protection from fire]

   It affects your intelligence (+3).
   It protects you from fire.
   It protects you from cold.
   It affects your stamina capacity (+25).
 S - the cursed ring "Neneplodaph" (left hand) {EV+3 Str+2 Int+6 Stlth-}
   (You found it on level 8 of a ziggurat)

   [ring of evasion]

   It affects your evasion (+3).
   It affects your strength (+2).
   It affects your intelligence (+6).
   It makes you less stealthy.
   It has a curse placed upon it.
   (565)
Wands
 h - a wand of hasting (21/45)
 B - a wand of teleportation (14/24)
 D - a wand of heal wounds (26/21)
 I - a wand of acid (1/15)
 X - a wand of digging (32/72)
Scrolls
 e - 93 scrolls of teleportation
 h - 46 scrolls of remove curse
 k - 20 scrolls of fear
 t - 47 scrolls of fog
 v - 38 scrolls of enchant weapon
 x - 7 scrolls of silence
 y - 23 scrolls of recharging
 z - 26 scrolls of blinking
 B - 40 scrolls of magic mapping
 F - 41 scrolls of identify
 G - 25 scrolls of immolation
 J - 16 scrolls of holy word
 N - 7 scrolls of summoning
 O - 2 scrolls of acquirement
 P - 13 scrolls of torment
 R - 8 scrolls of amnesia
 Z - 30 scrolls of enchant armour
Potions
 a - 9 potions of experience
 b - 36 potions of heal wounds
 c - 55 potions of stamina
 d - 55 potions of magic
 f - 16 potions of resistance
 g - 32 potions of might
 j - 35 potions of cure mutation
 l - 83 potions of curing
 n - 22 potions of agility
 o - 19 potions of invisibility
 q - 25 potions of haste
 r - 28 potions of brilliance
 w - 13 potions of berserk rage
 C - 38 potions of ambrosia
 D - 32 potions of flight
 E - 15 potions of cancellation
Books
 m - a book of the Dragon

   Spells                             Type                      Level
   a - Flame Tongue                   Fire                         1
   b - Cause Fear                     Hexes/Darkness               4
   c - Bolt of Fire                   Conjuration/Fire             6
   d - Dragon Form                    Fire/Transmutation           7
   e - Dragon's Call                  Summoning                    9
 p - a book of Clouds

   Spells                             Type                      Level
   a - Mephitic Cloud                 Conjuration/Poison/Air       3
   b - Conjure Flame                  Conjuration/Fire             3
   c - Poisonous Cloud                Conjuration/Poison/Air       6
   d - Freezing Cloud                 Conjuration/Ice/Air          6
   e - Ring of Flames                 Charms/Fire                  7
 s - a manual of Light Magic
 u - a manual of Earth Magic
 A - a manual of Polearms
 H - a book of the Warp

   Spells                             Type                      Level
   a - Recall                         Summoning/Translocation      3
   b - Portal Projectile              Translocation/Air            3
   c - Gell's Gravitas                Hexes/Translocation          3
   d - Force Lance                    Conjuration/Translocation    4
   e - Warp Weapon                    Charms/Translocation         5
   f - Summon Forest                  Summoning/Translocation/Earth 5
 I - a book of the Dragon

   Spells                             Type                      Level
   a - Flame Tongue                   Fire                         1
   b - Cause Fear                     Hexes/Darkness               4
   c - Bolt of Fire                   Conjuration/Fire             6
   d - Dragon Form                    Fire/Transmutation           7
   e - Dragon's Call                  Summoning                    9
 K - a book of the Tempests

   Spells                             Type                      Level
   a - Static Discharge               Conjuration/Air              3
   b - Lightning Bolt                 Conjuration/Air              5
   c - Fireball                       Conjuration/Fire/Light       5
   d - Tornado                        Air                          9
   e - Shatter                        Earth                        9
 M - the Compendium of Confrontation and Enchantment
   (You found it on level 17 of a ziggurat)

   Spells                             Type                      Level
   a - Throw Frost                    Conjuration/Ice              2
   b - Static Discharge               Conjuration/Air              3
   c - Vampiric Draining              Hexes/Necromancy             3
   d - Fulminant Prism                Conjuration/Hexes/Time       4
 Q - a book of Annihilations

   Spells                             Type                      Level
   a - Poison Arrow                   Conjuration/Poison           6
   b - Chain Lightning                Conjuration/Air              8
   c - Lehudib's Crystal Spear        Conjuration/Ice/Earth        8
   d - Glaciate                       Ice                          9
   e - Fire Storm                     Fire                         9
 S - a manual of Darkness Magic
 T - the Disquisition on Frigorific Fire
   (You found it on level 9 of a ziggurat)

   Spells                             Type                      Level
   a - Throw Frost                    Conjuration/Ice              2
   b - Ozocubu's Armour               Charms/Ice                   3
   c - Ice Form                       Ice/Transmutation            4
   d - Bolt of Magma                  Conjuration/Fire/Earth       5
   e - Simulacrum                     Ice/Necromancy/Summoning     6
 U - the Guide on Darkness and Light
   (You found it on level 14 of a ziggurat)

   Spells                             Type                      Level
   a - Corona                         Hexes/Light                  1
   b - Song of Slaying                Charms/Light                 2
   c - Confuse                        Hexes/Darkness               3
   d - Cause Fear                     Hexes/Darkness               4
 V - the Collected Works on Enhancements and Dislocation
   (You found it on level 12 of a ziggurat)

   Spells                             Type                      Level
   a - Repel Missiles                 Charms/Air                   2
   b - Regeneration                   Charms/Necromancy            3
   c - Teleport Other                 Hexes/Translocation          3
   d - Excruciating Wounds            Charms/Necromancy            5
   e - Ring of Flames                 Charms/Fire                  7
 W - a manual of Hexes
 Y - the Grimoire of Shifting Talismans
   (You found it on level 14 of a ziggurat)

   Spells                             Type                      Level
   a - Infusion                       Charms                       1
   b - Beastly Appendage              Transmutation                1
   c - Ignite Poison                  Fire/Transmutation/Poison    3
   d - Petrify                        Transmutation/Earth          4
   e - Lee's Rapid Deconstruction     Transmutation/Earth          5
   f - Deflect Missiles               Charms/Air                   6
Miscellaneous
 o - 16 boxes of beasts
 x - 18 phantom mirrors
 A - a disc of storms
 P - 17 sacks of spiders
 R - a phial of floods


   Skills:
 * Level 19.6 Fighting
   Level 1.2 Long Blades
 + Level 9.8 Axes
 - Level 15.0 Staves
 + Level 17.0 Armour
 + Level 24.3 Dodging
 - Level 2.5 Stealth
 + Level 12.4 Shields
 + Level 22.8 Spellcasting
 - Level 10.0 Conjurations
 + Level 22.8 Summonings
 + Level 28.5 Fire Magic
 + Level 26.9 Ice Magic
 + Level 29.0 Air Magic
 + Level 25.2 Earth Magic
 * Level 15.8 Evocations


You had 7 spell levels left.
You knew the following spells:

 Your Spells              Type           Power        Failure   Level  Hunger
a - Dragon's Call         Summ           ###.......   50%         9    ####...
b - Death Channel         Necr/Summ      ###.......   8%          6    ##.....
c - Orb of Destruction    Conj           #.........   57%         7    ###....
d - Glaciate              Ice            ####......   32%         9    ####...
e - Chain Lightning       Conj/Air       ####......   10%         8    ###....
f - Tornado               Air            ####......   19%         9    ####...
g - Shatter               Erth           ###.......   32%         9    ####...
h - Fire Storm            Fire           ####......   25%         9    ####...


Dungeon Overview and Level Annotations

Branches:
  Crypt (4/4) Forest:5     Depths (1/7) Forest:7    Dungeon (7/7)
  Dwarf (4/4) Orc:6           Elf (4/4) Orc:4        Forest (7/7) Orc:7
   Lair (7/7) D:7             Orc (7/7) Lair:7       Shoals (4/4) Lair:5
  Slime (4/4) Forest:5      Snake (4/4) Lair:3       Spider (4/4) Orc:3
  Swamp (4/4) Lair:6       Vaults (4/4) Forest:3       Hell (1/1)
    Coc: Hell:1         Dis: Hell:1         Geh: Hell:1         Tar: Hell:1

Altars:
Ashenzari
Cheibriados
Dithmenos
Fedhas
Gozag
Kikubaaqudgha
Makhleb
Nemelex Xobeh
Trog
Vehumet
Xom
Yredelemnul
Zin
Beogh

Shops:
Depths:1 (   D:6 ==?   Dwarf:1 }   Elf:2 ?   Orc:7 *}}!   Shoals:1 ((
Shoals:3 *(=:}(   Snake:1 =   Vaults:3 ?

Portals:
Hell: Depths:1

Annotations:
D:6 Get amulet of quick casting and Magical power. at Fomos's and Paamiofia's


Innate Abilities, Weirdness & Mutations

You have a much better chance of losing mutations.
New mutations are dramatically more likely to enhance existing mutations.
Your mind is very acute. (Int +4)


Message History

Your fire vortex hits the emperor scorpion.
Your fire vortex burns the emperor scorpion! (mon hp-23)
Your fire vortex dissipates!
The hungry ghost hits you. (hp-6)
* * * LOW HITPOINT WARNING * * *; Your fire vortex hits the emperor scorpion.
Your fire vortex burns the emperor scorpion! (mon hp-21)
Your fire vortex dissipates!
The tarantella bites you! (hp-26)
* * * LOW HITPOINT WARNING * * *; The emperor scorpion completely misses you.
The emperor scorpion claws you!
You were prevented from receiving too much damage! (23 -> 19)
* * * LOW HITPOINT WARNING * * *; The emperor scorpion claws you!!
You were prevented from receiving too much damage! (32 -> 0)
The hungry ghost is engulfed in roaring flames. (mon hp-15)
The hungry ghost hits your fire vortex.
An orb spider comes into view. (hp=54, hd=11)
You heal the hungry ghost. (mon hp+12) This wand has 26 charges left. (hp-15)
* * * LOW HITPOINT WARNING * * *
You feel extremely sick. The tarantella bites you!! (hp-32)
You die...

▓............
▓▓.....!......
▓▓...s..††.†s†(
▓.....v§.§†vv§§
▓....v..§§§§§§.
▓▓..v...s§v.§vv§
▓.....§Ws§v§v§vs
▓§vv§§v§@v§§§§s8
▓§§v§§§vsvv§§v§§
▓v§v§§§vWWvs§§§.
▓▓§§§v§vv..=.†v..
▓.§§§§§§v.....†..
▓▓§§vv§§vv....†..
▓v§§§§§§......†.
▓...........v..$
▓.............


You could see 2 emperor scorpions, a freezing wraith, 3 orb spiders, 2 hungry
ghosts, 2 jumping spiders, a tarantella (berserk) and 35 friendly fire vortices.

Vanquished Creatures
  the Royal Jelly (Slime:4)
  Mara (Vaults:4)
  8 ancient liches
  2 orbs of fire (Zig:10)
  17 giant centipedes
  4 juggernauts
  2 juggernauts (shapeshifter)
  15 greater mummies
  A curse toe (Zig:24)
  3 shard shrikes (shapeshifter)
  Sojobo (Forest:2)
  2 shard shrikes
  A caustic shrike (Zig:25)
  Margery (Forest:2)
  Xtahua (Forest:7)
  3 pandemonium lords
  13 profane servitors
  7 iron giants (Zig:22)
  17 bone dragons
  4 golden dragons
  Bai Suzhen (Spider:3)
  4 iron giants (shapeshifter)
  5 Ice Fiends
  the Enchantress (Forest:7)
  7 Tzitzimimeh
  5 doom hounds
  3 Hell Sentinels
  3 Brimstone Fiends
  8 hellephants
  A Hellbinder (WizLab)
  5 Executioners
  Nikola (Spider:2)
  19 deep elf master archers
  13 tentacled monstrosities
  Jorgrun (Dwarf:3)
  38 acid blobs
  A quicksilver dragon (Vaults:4)
  7 liches
  9 titans
  23 ancient champions
  Asterion (Elf:4)
  10 deep elf blademasters
  2 titans (shapeshifter)
  16 azure jellies
  Arachne (Spider:4)
  2 storm dragons
  3 sphinxes
  2 draconian monks (Zig:21)
  Frances (Elf:1)
  3 shadow dragons (Vaults:4)
  5 blood saints
  A shadow dragon (shapeshifter) (Vaults:4)
  4 cacodemons
  2 draconian scorchers (Zig:21)
  16 revenants
  10 tengu reavers
  2 black suns
  An emperor scorpion (shapeshifter) (Zig:5)
  4 draconian knights (Zig:21)
  A ghost moth (shapeshifter) (Vaults:4)
  A kraken (Shoals:3)
  12 thorn hunters
  13 balrugs
  6 juggernaut zombies
  3 caustic shrike zombies
  5 draconian shifters (Zig:21)
  2 iron dragons
  24 fire giants
  Wiglaf (Vaults:1)
  11 curse skulls
  2 war gargoyles (Zig:20)
  13 vault wardens
  2 draconian zealots (Zig:21)
  11 deep elf sorcerers
  15 ghouls
  3 draconian callers (Zig:21)
  18 ironheart preservers
  Ilsuiw (Shoals:4)
  5 caustic shrike skeletons
  16 reapers
  14 frost giants
  7 corrupters
  A juggernaut skeleton (Zig:17)
  16 vampire knights
  5 draconian annihilators
  2 deep elf elementalists
  2 green draconians (Zig:21)
  A mottled draconian (Zig:21)
  3 red draconians (Zig:21)
  3 chaos champions
  Louise (Swamp:4)
  18 greater nagas
  4 purple draconians (Zig:21)
  15 spriggan defenders
  Donald (Swamp:3)
  13 blizzard demons
  12 deep elf demonologists
  13 death oozes
  9 green deaths
  23 dire elephants
  23 ghost moths
  A quicksilver dragon zombie (Zig:20)
  Aizul (Snake:2)
  A monstrous demonspawn (Zig:14)
  4 orc warlords
  3 unborn deep dwarves
  13 apis
  28 jiangshi
  13 mummy priests
  14 emperor scorpions
  A crystal guardian (Vaults:4)
  An ettin (shapeshifter) (Vaults:3)
  6 ghost crabs
  9 fire dragons
  A giant centipede zombie (Zig:15)
  13 very ugly things
  15 deep elf annihilators
  6 rakshasas
  3 hell beasts
  3 death scarabs
  11 great orbs of eyes
  11 ice dragons
  A tengu warrior (Depths:1)
  An alligator snapping turtle (Zig:11)
  18 entropy weavers
  14 deep elf death magi
  27 eidola
  2 quicksilver dragon skeletons
  23 yaktaur captains
  24 deep dwarf death knights
  13 deep elf high priests
  6 spark wasps
  49 stone giants
  16 hell hogs
  15 merfolk impalers
  An anaconda (shapeshifter) (Vaults:4)
  6 death knights
  18 merfolk javelineers
  23 spriggan air magi
  81 spatial maelstroms
  12 vampire magi
  36 vault guards
  7 wretched stars
  2 iron golems (Zig:20)
  8 merfolk avatars
  9 soul eaters
  A spark wasp zombie (Zig:8)
  A sun demon (WizLab)
  16 centaur warriors
  15 sixfirhies
  5 storm dragon zombies
  10 shadow demons
  An unseen horror (Vaults:1)
  6 hell knights
  13 deep troll earth magi
  3 storm dragon skeletons
  30 satyrs
  26 naga warriors
  47 skeletal warriors
  A hellephant zombie (Crypt:4)
  A sea snake (shapeshifter) (Vaults:2)
  16 ettins
  10 anubis guards
  19 merfolk aquamancers
  A minotaur (Lab)
  2 titan zombies
  50 deep elf knights
  A lindwurm (Zig:25)
  An orange crystal statue (Zig:15)
  25 alligators
  A swamp dragon (shapeshifter) (Vaults:3)
  3 giant orange brains
  A putrid demonspawn (Zig:14)
  An anaconda skeleton (Crypt:4)
  18 ironbrand convokers
  2 titan skeletons
  22 worldbinders
  A hellephant skeleton (Crypt:3)
  7 shadow wraiths
  66 hydras
  3 shadow dragon zombies
  A shining eye (shapeshifter) (Zig:5)
  10 iron trolls
  5 golden dragon zombies
  8 wizards
  9 shining eyes
  31 flayed ghosts
  23 anacondas
  9 hill giants
  Fannar (Orc:1)
  36 spriggan berserkers
  25 phantasmal warriors
  71 spriggans
  45 deep elf archers
  5 sphinx zombies
  7 catoblepae
  38 deep trolls
  41 naga sharpshooters
  2 stone giant zombies
  5 tengu skeletons
  19 vault sentinels
  3 golden dragon skeletons
  4 death drakes
  23 dancing weapons
  18 sea snakes
  20 deep dwarf berserkers
  4 frost giant zombies
  14 deep troll shamans
  2 efreet
  A hell hog skeleton (Crypt:2)
  11 spriggan druids
  A fire giant zombie (Zig:9)
  22 ogre magi
  8 hellions
  2 sphinx skeletons
  15 death yaks
  13 tormentors
  16 swamp dragons
  7 eyes of devastation
  12 shock serpents
  6 rust devils
  5 orange demons
  8 hellwings
  2 kobold demonologists (Vaults:1)
  A fire giant skeleton (Zig:15)
  2 small abominations (Zig:25)
  2 shadow dragon skeletons
  21 harpies
  3 frost giant skeletons
  120 deep elf magi
  3 spectral hydras (Swamp:3)
  26 shambling mangroves
  4 iron dragon skeletons
  7 salamander mystics
  17 orc high priests
  A silent spectre (Zig:24)
  4 stone giant skeletons
  11 naga ritualists
  66 fauns
  A storm dragon simulacrum (Vaults:2)
  A white draconian zombie (Crypt:4)
  3 red devils
  Sonja (Orc:4)
  A titan simulacrum (Zig:26)
  12 ice devils
  A yaktaur zombie (Vaults:2)
  2 vampires
  35 ynoxinuls
  16 dryads
  2 emperor scorpion zombies
  11 necromancers
  19 freezing wraiths
  26 guardian mummies
  9 fire crabs
  21 sirens
  72 wolf spiders
  11 water nymphs
  47 orb spiders
  4 elves (Dwarf:4)
  A minotaur zombie (Crypt:3)
  A jumping spider zombie (Crypt:2)
  21 hornets
  12 ushabtiu
  14 mana vipers
  36 ugly things
  A pale draconian skeleton (Crypt:2)
  10 moths of wrath
  14 deep dwarf artificers
  A snapping turtle (shapeshifter) (Depths:1)
  A boulder beetle (shapeshifter) (Vaults:3)
  41 deep dwarf necromancers
  27 orc knights
  5 spatial vortices
  2 yaktaur skeletons
  24 salamanders
  11 golden eyes
  78 yaktaurs
  A slime creature (shapeshifter) (Vaults:4)
  21 deep dwarf scions
  30 flying skulls
  3 ettin zombies
  5 swamp worm zombies (Swamp:3)
  14 guardian serpents
  A wind drake zombie (Crypt:2)
  3 boggarts (Depths:1)
  13 orc sorcerers
  Pikel (D:4)
  35 naga magi
  8 hell hounds
  A sphinx simulacrum (Vaults:2)
  27 griffons
  A shadow dragon simulacrum (Crypt:4)
  13 oklob plants
  18 manticores
  21 air elementals
  A human simulacrum (Vaults:2)
  30 cyclopes
  21 elephants
  22 wind drakes
  An ettin skeleton (Vaults:3)
  7 fire elementals
  A stone giant simulacrum (Vaults:2)
  31 bog bodies
  36 demonic crawlers
  A fire dragon skeleton (Crypt:4)
  72 merfolk
  159 slime creatures
  13 giant leeches
  An elf simulacrum (Zig:26)
  3 spectral swamp dragons (Swamp:3)
  13 snapping turtles
  A faun zombie (Crypt:4)
  65 black mambas
  10 torpor snails
  7 necrophages
  A spiny frog skeleton (Crypt:3)
  2 gargoyles (Volcano)
  5 alligator zombies
  32 spiny frogs
  10 eyes of draining
  2 giant eyeballs
  11 komodo dragons
  30 water elementals
  26 wraiths
  6 rime drakes
  A manticore zombie (Crypt:4)
  63 jumping spiders
  A merfolk skeleton (Crypt:4)
  159 deep dwarves
  3 large abominations
  52 vampire mosquitoes
  2 big kobolds (Vaults:1)
  4 tengu conjurers
  A water moccasin skeleton (Crypt:2)
  5 iron imps
  2 giant leech zombies (Swamp:3)
  15 trolls
  3 polar bears
  A gnoll shaman (Zig:14)
  2 ettin simulacra
  6 boulder beetles
  8 elf skeletons
  46 tarantellas
  26 swamp drakes
  4 spiny frog zombies (Swamp:3)
  50 two-headed ogres
  A fire crab zombie (Crypt:1)
  28 insubstantial wisps
  18 swamp worms
  56 blink frogs
  144 redbacks
  A human skeleton (Vaults:2)
  Duvessa (Lair:4)
  A lightning spire (Zig:24)
  A wolf skeleton (Crypt:2)
  A killer bee zombie (Crypt:1)
  23 shadows
  62 nagas
  12 hippogriffs
  82 yaks
  9 wyverns
  A cyclops skeleton (Crypt:1)
  14 hungry ghosts
  6 basilisks
  3 fire bats (Volcano)
  101 wasps
  A jelly (Forest:5)
  A black bear zombie (Crypt:3)
  3 mottled dragons
  21 wargs
  9 white imps
  Dowan (Lair:4)
  18 water moccasins
  2 phantoms
  2 black bears
  An ice beast (D:5)
  7 porcupines
  10 spriggan zombies
  90 ogres
  A slave (D:4)
  A sky beast (D:6)
  86 orc warriors
  24 wolves
  19 centaurs
  19 elf zombies
  14 crocodiles
  10 earth elementals
  12 giant frogs
  A gnoll sergeant (Orc:7)
  4 bat skeletons (Forest:1)
  2 scorpions
  2 jackal skeletons
  A kobold (shapeshifter) (Vaults:4)
  2 wyvern skeletons
  A spriggan skeleton (Lab)
  2 troll skeletons (Lab)
  4 human zombies
  A river rat zombie (Crypt:4)
  12 wights
  23 electric eels
  A giant frog zombie (D:7)
  3 lava snakes (Volcano)
  6 centaur zombies
  A centaur skeleton (Lab)
  5 crimson imps
  4 hounds
  A giant frog skeleton (D:6)
  47 orc priests
  54 orc wizards
  7 iguanas
  4 worker ants
  62 sheep
  A kobold skeleton (Crypt:4)
  2 orc skeletons
  A hound skeleton (D:6)
  26 mummies
  A worker ant zombie (D:5)
  4 dart slugs
  Robin (D:2)
  7 giant geckos
  6 oozes
  250 orcs
  6 worms
  14 adders
  4 giant cockroaches
  14 gnolls
  12 goblins
  18 hobgoblins
  12 jackals
  A quokka (D:4)
  56 river rats
  7 shadow imps
  An adder skeleton (D:5)
  2 ball pythons (D:2)
  12 bats
  2 giant gecko zombies
  3 giant newts
  13 kobolds
  2 quokka skeletons
  20 rats
  8 blocks of ice
  3 briar patches (Forest:3)
  6 bushes
  5 butterflies
  9 crawling corpses
  169 fire vortices
  22 fungi
  3 lost souls (Zig:21)
  77 plants
  A withered plant (Swamp:3)
6441 creatures vanquished.

Vanquished Creatures (collateral kills)
  A doom hound (Zig:24)
  An azure jelly (Slime:4)
  A ghost moth (Zig:15)
  A reaper (Zig:24)
  An ettin (Zig:22)
  A death ooze (Slime:4)
  A deep elf demonologist (Elf:4)
  A naga warrior (Zig:18)
  An ogre mage (Vaults:1)
  A hydra (Zig:19)
  A centaur warrior (Zig:13)
  An alligator (Zig:19)
  A deep troll earth mage (Depths:1)
  A shock serpent (Zig:18)
  A titan zombie (Zig:20)
  A shadow wraith (Zig:7)
  A death drake (Zig:19)
  2 shadow demons
  A swamp dragon (Zig:19)
  An orb spider (Zig:15)
  3 skeletal warriors
  An iron troll (Depths:1)
  A flayed ghost (Zig:16)
  A spriggan druid (Zig:25)
  A hill giant (Zig:22)
  An orc knight (Zig:14)
  A sixfirhy (Zig:23)
  An ironbrand convoker (Vaults:3)
  2 worldbinders
  An orc sorcerer (Zig:14)
  A shambling mangrove (Zig:8)
  A cyclops (Zig:22)
  3 harpies
  3 black mambas
  2 fauns (Zig:23)
  2 rime drakes (Zig:25)
  2 hornets
  An eye of devastation (Slime:4)
  2 tormentors
  2 water nymphs (Zig:24)
  A shadow dragon skeleton (Zig:15)
  5 deep elf magi
  2 ice devils
  4 guardian mummies
  A freezing wraith (Zig:15)
  A silent spectre (Zig:24)
  2 wolf spiders
  A small abomination (Zig:25)
  2 two-headed ogres
  A troll (Zig:14)
  2 jumping spiders (Zig:18)
  4 yaktaurs
  2 shadows (Zig:20)
  An ushabti (Zig:12)
  9 ynoxinuls
  11 slime creatures
  A ghost moth simulacrum (Crypt:4)
  A giant leech (Zig:19)
  4 golden eyes
  4 tarantellas
  3 redbacks (Zig:27)
  5 flying skulls
  2 wraiths
  A deep dwarf scion (Dwarf:3)
  A boggart (Depths:1)
  2 spriggan skeletons
  2 centaurs (Zig:23)
  5 vampire mosquitoes
  2 air elementals
  An orc warrior (Vaults:2)
  2 wargs
  2 water elementals
  3 elf skeletons
  A spriggan (Forest:6)
  A wight (Zig:20)
  3 necrophages
  10 ogres
  5 wasps
  4 deep dwarves
  A wolf (Forest:1)
  2 giant eyeballs (Forest:2)
  An ice dragon simulacrum (Crypt:1)
  17 mummies
  An orc priest (Elf:1)
  2 shadow imps (Zig:24)
  4 white imps
  4 orcs
  2 bat skeletons (Forest:1)
  A kobold (Vaults:1)
  An orc skeleton (Crypt:2)
  4 crawling corpses
  A plant (Forest:1)
208 creatures vanquished.

Vanquished Creatures (others)
  An orc warlord (Orc:7)
  An entropy weaver (Spider:2)
  A spiny frog (Zig:19)
  A phantasmal warrior (Vaults:4)
  A shock serpent (Snake:1)
  2 swamp drakes (Zig:19)
  An elf (Dwarf:4)
  A troll (Dwarf:4)
  An air elemental (Elf:1)
  A yaktaur simulacrum (Vaults:2)
  A deep dwarf (Dwarf:3)
  A wolf (Dwarf:4)
  A wight (Dwarf:4)
  3 orc priests (Dwarf:4)
  3 blocks of ice
  2 butterflies
  2690 fire vortices
  11 fungi (Lair:7)
  5 lost souls (Zig:21)
  13 plants
  344 snaplasher vine segments (Forest:1)
  4 tentacles (Shoals:3)
  57 tentacle segments (Shoals:3)
  2 withered plants (Swamp:3)
3148 creatures vanquished.

Grand Total: 9797 creatures vanquished

Notes
Turn   | Place    | Note
-------+----------+-------------------------------------------
     0 | D:1      | DarthKuruptios2 the High Elf Conjurer began the quest for the Orb.
     0 | D:1      | Reached XP level 1. HP: 29/29 MP: 150/150
   509 | D:1      | Reached XP level 2. HP: 38/38 MP: 146/150
  1015 | D:1      | Reached XP level 3. HP: 47/47 MP: 146/150
  1441 | D:2      | Found a shimmering altar of Xom.
  1441 | D:2      | Found a shimmering altar of Xom.
  1444 | D:2      | Found a shimmering altar of Xom.
  1444 | D:2      | Found a shimmering altar of Xom.
  1444 | D:2      | Found a shimmering altar of Xom.
  1456 | D:2      | Found a shimmering altar of Xom.
  1666 | D:2      | Noticed Robin
  1670 | D:2      | Killed Robin
  2041 | D:2      | Reached skill level 5 in Conjurations
  2636 | D:3      | Reached XP level 4. HP: 56/56 MP: 140/150
  2721 | D:3      | Learned a level 4 spell: Iskenderun's Mystic Blast
  2985 | D:3      | Found a burning altar of Makhleb.
  3147 | D:3      | Found a shattered altar of Ashenzari.
  3457 | D:4      | Found a faded altar of an unknown god.
  3556 | D:4      | Noticed a phantom
  3562 | D:4      | Killed a phantom
  3562 | D:4      | Reached skill level 1 in Ice Magic
  3562 | D:4      | Reached XP level 5. HP: 65/65 MP: 131/150
  3753 | D:4      | Found a shadowy altar of Dithmenos.
  3753 | D:4      | Found an opulent altar of Gozag.
  3868 | D:4      | Noticed Pikel
  3878 | D:4      | Killed Pikel
  5102 | D:5      | Entered Level 5 of the Dungeon
  5121 | D:5      | Reached XP level 6. HP: 31/74 MP: 109/150
  5201 | D:5      | Got a thick robe
  5226 | D:5      | Identified the +4 robe of the Insatiable Lies {rF++ Dex+3} (You found it on level 5 of the Dungeon)
  5548 | D:5      | Learned a level 5 spell: Iskenderun's Battlesphere
  5567 | D:6      | Found a glowing silver altar of Zin.
  5567 | D:6      | Noticed an angel
  6046 | D:6      | Found Xuteciz's Magic Scroll Shop.
  6059 | D:6      | Bought 3 scrolls of identify for 60 gold pieces
  6059 | D:6      | Bought a scroll of magic mapping for 35 gold pieces
  6059 | D:6      | Bought a scroll of teleportation for 30 gold pieces
  6059 | D:6      | Bought 3 scrolls of fog for 60 gold pieces
  6059 | D:6      | Bought a scroll of remove curse for 30 gold pieces
  6443 | D:6      | Found a shattered altar of Ashenzari.
  6522 | D:6      | Reached XP level 7. HP: 83/83 MP: 84/103
  6528 | D:6      | Learned a level 4 spell: Fulminant Prism
  6781 | D:6      | Found Fomos's Jewellery Shoppe.
  7039 | D:6      | Found Paamiofai's Jewellery Emporium.
  7053 | D:6      | Gained mutation: Your mind is acute. (Int +2) [potion of beneficial mutation]
  7094 | D:7      | Entered Level 7 of the Dungeon
  7120 | D:7      | Found a sand-covered staircase.
  7131 | Ossuary  | Entered an ossuary
  8033 | D:7      | Found a staircase to the Lair.
  8238 | Lair:1   | Entered Level 1 of the Lair of Beasts
  8300 | Lair:1   | Found a dark tunnel.
  8307 | Volcano  | Entered a volcano
  8323 | Volcano  | Reached XP level 8. HP: 92/92 MP: 86/103
  8379 | Volcano  | Found a radiant altar of Vehumet.
  8379 | Volcano  | Noticed a manticore
  8383 | Volcano  | Reached skill level 5 in Spellcasting
  8384 | Volcano  | Killed a manticore
  8391 | Volcano  | Became a worshipper of Vehumet
  8412 | Volcano  | Got a polished halberd
  8413 | Volcano  | Identified the +5 halberd "Noggo" {drain, rElec MR+ Dex-3} (You found it in a volcano)
  8833 | Lair:1   | Found a labyrinth entrance.
  8845 | Lab      | Entered a labyrinth
  9027 | Lab      | Got an ancient lead ring
  9032 | Lab      | Identified the ring "Xuxoh" {rElec rC+ MR+ Str-3 Int+4} (You found it in a labyrinth)
  9953 | Lab      | Reached XP level 9. HP: 101/101 MP: 121/150
  9954 | Lab      | Reached skill level 5 in Ice Magic
 10469 | Lab      | Reached * piety under Vehumet
 10469 | Lab      | Offered knowledge of Sandblast by Vehumet.
 11572 | Lab      | Noticed a minotaur
 11577 | Lab      | Killed a minotaur
 11581 | Lab      | Got a crude crystal amulet
 11581 | Lab      | Got a flickering bone ring
 11581 | Lab      | Identified the Disquisition on Darkness and Light
 12075 | Lair:1   | Noticed a catoblepas
 12079 | Lair:1   | Killed a catoblepas
 12097 | Lair:1   | Reached skill level 1 in Evocations
 12196 | Lair:1   | Identified the amulet "Hukluzxu" {Dismiss MR++} (You found it in a labyrinth)
 12198 | Lair:1   | Identified the ring of Taxuunehui {+Inv rC+ MR+ AC+2} (You found it in a labyrinth)
 12394 | Lair:1   | Reached XP level 10. HP: 110/110 MP: 99/114
 12402 | Lair:1   | Learned a level 6 spell: Freezing Cloud
 12627 | Lair:1   | Reached ** piety under Vehumet
 12627 | Lair:1   | Offered knowledge of Sting by Vehumet.
 13185 | Lair:2   | Reached skill level 1 in Air Magic
 13806 | Lair:2   | Reached skill level 2 in Air Magic
 14078 | Lair:2   | Offered knowledge of Throw Frost by Vehumet.
 14299 | Lair:2   | Reached *** piety under Vehumet
 14810 | Lair:2   | Noticed a death yak
 14811 | Lair:2   | Noticed a death yak
 14815 | Lair:2   | Noticed a death yak
 14815 | Lair:2   | Noticed a death yak
 14815 | Lair:2   | Noticed a death yak
 14815 | Lair:2   | Noticed a death yak
 14818 | Lair:2   | Killed a death yak
 14818 | Lair:2   | Reached skill level 3 in Air Magic
 14821 | Lair:2   | Killed a death yak
 14822 | Lair:2   | Killed a death yak
 14824 | Lair:2   | Killed a death yak
 14841 | Lair:2   | Killed a death yak
 14855 | Lair:2   | Killed a death yak
 14855 | Lair:2   | Reached XP level 11. HP: 90/119 MP: 15/150
 15105 | Lair:2   | Reached skill level 4 in Air Magic
 15392 | D:6      | Bought an uncursed amulet of quick casting for 450 gold pieces
 16383 | Lair:3   | Offered knowledge of Throw Icicle by Vehumet.
 16618 | Lair:3   | Noticed a three-headed hydra
 16624 | Lair:3   | Killed a three-headed hydra
 16823 | Lair:3   | Reached **** piety under Vehumet
 16825 | Lair:3   | Found a staircase to the Snake Pit.
 16857 | Lair:3   | Offered knowledge of Lightning Bolt by Vehumet.
 17523 | Lair:4   | Reached skill level 5 in Air Magic
 18133 | Lair:4   | Noticed Duvessa
 18133 | Lair:4   | Noticed Dowan
 18140 | Lair:4   | Killed Duvessa
 18158 | Lair:4   | Noticed a three-headed hydra
 18166 | Lair:4   | Killed a three-headed hydra
 18379 | Lair:4   | Killed Dowan
 18938 | Lair:4   | Found a blossoming altar of Fedhas.
 18966 | Lair:4   | Reached XP level 12. HP: 128/128 MP: 113/115
 19991 | Lair:5   | Got a shimmering scale mail
 20002 | Lair:5   | Identified the +2 scale mail of the Guilds {Str+3 Int+3} (You found it on level 5 of the Lair of Beasts)
 20173 | Lair:5   | Reached ***** piety under Vehumet
 20173 | Lair:5   | Offered knowledge of Bolt of Fire by Vehumet.
 20209 | Lair:5   | Reached skill level 1 in Fighting
 20209 | Lair:5   | Reached skill level 1 in Long Blades
 20209 | Lair:5   | Reached skill level 6 in Air Magic
 20225 | Lair:5   | Reached skill level 10 in Conjurations
 20281 | Lair:5   | Got a translucent hand axe
 20282 | Lair:5   | Identified the +11 hand axe "Didaic" {flame, rC+ rN+ Dex+5} (You found it on level 5 of the Lair of Beasts)
 20421 | Lair:5   | Reached skill level 1 in Axes
 20595 | Lair:5   | Found a staircase to the Shoals.
 21948 | Lair:6   | Reached skill level 7 in Air Magic
 22278 | Lair:6   | Found a staircase to the Swamp.
 22350 | Lair:6   | Reached XP level 13. HP: 129/135 MP: 37/150
 22763 | Lair:6   | Reached skill level 8 in Air Magic
 22895 | Lair:6   | Offered knowledge of Bolt of Cold by Vehumet.
 24031 | Lair:6   | Reached ****** piety under Vehumet
 24031 | Lair:6   | Offered knowledge of Spellforged Servitor by Vehumet.
 24076 | Lair:7   | Entered Level 7 of the Lair of Beasts
 24086 | Lair:7   | Reached skill level 9 in Air Magic
 24506 | Lair:7   | Got a fine spear
 24507 | Lair:7   | Identified the +7 spear "Qoutuot" {pierce, rPois rF- MR+ Int+2} (You found it on level 7 of the Lair of Beasts)
 24524 | Lair:7   | Learned a level 9 spell: Tornado
 24748 | Lair:7   | Reached skill level 10 in Air Magic
 24829 | Lair:7   | Reached XP level 14. HP: 124/144 MP: 87/150
 25361 | Lair:7   | Reached skill level 11 in Air Magic
 26026 | Lair:7   | Offered knowledge of Iron Shot by Vehumet.
 26330 | Lair:7   | Found a staircase to the Orcish Mines.
 26406 | Lair:7   | Reached skill level 12 in Air Magic
 26512 | Orc:1    | Entered Level 1 of the Orcish Mines
 26714 | Orc:1    | Noticed Fannar
 26726 | Orc:1    | Offered knowledge of Conjure Ball Lightning by Vehumet.
 26728 | Orc:1    | Killed Fannar
 27453 | Orc:2    | Reached skill level 10 in Spellcasting
 27607 | Orc:3    | Found a hole to the Spider Nest.
 27740 | Orc:3    | Found a roughly hewn altar of Beogh.
 28356 | Orc:4    | Found a staircase to the Elven Halls.
 28414 | Orc:4    | Offered knowledge of Delayed Fireball by Vehumet.
 28819 | Orc:4    | Noticed Sonja
 28820 | Orc:4    | Killed Sonja
 29129 | Orc:5    | Noticed an orc warlord
 29136 | Orc:5    | Reached skill level 13 in Air Magic
 29137 | Orc:5    | Killed an orc warlord
 29137 | Orc:5    | Offered knowledge of Orb of Destruction by Vehumet.
 29167 | Orc:5    | Noticed an orc warlord
 29169 | Orc:5    | Killed an orc warlord
 29353 | Orc:5    | Found a bloodstained altar of Trog.
 30009 | Orc:6    | Noticed an orc warlord
 30022 | Orc:6    | Killed an orc warlord
 30022 | Orc:6    | Reached XP level 15. HP: 110/151 MP: 64/150
 30163 | Orc:6    | Reached skill level 14 in Air Magic
 30254 | Orc:6    | Found a staircase to the Dwarven Fortress.
 30282 | Orc:6    | Offered knowledge of Lehudib's Crystal Spear by Vehumet.
 30282 | Orc:6    | Offered knowledge of Shatter by Vehumet.
 30282 | Orc:6    | Offered knowledge of Chain Lightning by Vehumet.
 30572 | Orc:7    | Entered Level 7 of the Orcish Mines
 30690 | Orc:7    | Reached skill level 15 in Air Magic
 30963 | Orc:7    | Found a staircase to the Enchanted Forest.
 31324 | Orc:7    | Reached skill level 16 in Air Magic
 31376 | Orc:7    | Found Goluel's Distillery.
 31382 | Orc:7    | Found Usyb's Gadget Shop.
 31394 | Orc:7    | Bought a phantom mirror for 660 gold pieces
 31394 | Orc:7    | Found Puikheol's Assorted Antiques.
 31396 | Orc:7    | Found Ashit's Gadget Emporium.
 31405 | Orc:7    | Bought a wand of heal wounds (4/9) for 768 gold pieces
 31557 | Orc:7    | Learned a level 9 spell: Shatter
 31758 | Snake:1  | Entered Level 1 of the Snake Pit
 31840 | Snake:1  | Reached skill level 1 in Earth Magic
 31903 | Snake:1  | Found a radiant altar of Vehumet.
 31911 | Snake:1  | Reached XP level 16. HP: 146/153 MP: 96/150
 32002 | Snake:1  | Found Omeok's Jewellery Shoppe.
 32107 | Snake:1  | Got a coiled ivory ring
 32109 | Snake:1  | Identified the ring "Utad Zyl" {*Drain rF+ rN+ Str+3 Int+3} (You found it on level 1 of the Snake Pit)
 32153 | Snake:1  | Gained mutation: Your mind is very acute. (Int +4) [potion of beneficial mutation]
 32532 | Snake:2  | Reached skill level 17 in Air Magic
 32555 | Snake:2  | Reached skill level 5 in Earth Magic
 33137 | Snake:2  | Noticed Aizul
 33143 | Snake:2  | Killed Aizul
 33932 | Snake:3  | Reached XP level 17. HP: 143/153 MP: 108/150
 33992 | Snake:3  | Reached skill level 18 in Air Magic
 34196 | Snake:4  | Entered Level 4 of the Snake Pit
 34492 | Snake:4  | Found a bloodstained altar of Trog.
 35279 | Snake:4  | Reached skill level 15 in Spellcasting
 35319 | Snake:4  | Reached skill level 19 in Air Magic
 35743 | Snake:4  | Reached skill level 10 in Earth Magic
 35840 | Snake:4  | Got a serpentine rune of Zot
 36407 | Spider:1 | Entered Level 1 of the Spider Nest
 36665 | Spider:1 | Reached XP level 18. HP: 182/182 MP: 107/120
 36687 | Spider:1 | Learned a level 9 spell: Fire Storm
 36824 | Spider:1 | Reached skill level 1 in Fire Magic
 37530 | Spider:2 | Noticed Nikola
 37539 | Spider:2 | Killed Nikola
 37847 | Spider:2 | Reached skill level 5 in Fire Magic
 39014 | Spider:3 | Noticed Bai Suzhen
 39020 | Spider:3 | Killed Bai Suzhen
 39679 | Spider:4 | Entered Level 4 of the Spider Nest
 39679 | Spider:4 | Noticed Arachne
 39686 | Spider:4 | Killed Arachne
 40184 | Spider:4 | Reached XP level 19. HP: 182/190 MP: 122/124
 40581 | Spider:4 | Got a gossamer rune of Zot
 40902 | Spider:4 | Learned a level 9 spell: Glaciate
 41200 | Swamp:1  | Entered Level 1 of the Swamp
 41466 | Swamp:1  | Reached skill level 10 in Fire Magic
 43297 | Swamp:2  | Identified a +0 rod of clouds (13/13) (You found it on level 7 of the Lair of Beasts)
 45421 | Swamp:3  | Noticed Donald
 45433 | Swamp:3  | Killed Donald
 46028 | Swamp:4  | Entered Level 4 of the Swamp
 46575 | Swamp:4  | Noticed Louise
 46580 | Swamp:4  | Killed Louise
 47450 | Swamp:4  | Reached XP level 20. HP: 186/186 MP: 130/150
 47627 | Swamp:4  | Reached skill level 15 in Fire Magic
 47643 | Swamp:4  | Got a decaying rune of Zot
 48053 | Shoals:1 | Entered Level 1 of the Shoals
 48147 | Shoals:1 | Found Qoghaet's Weapon Shop.
 48545 | Shoals:1 | Found Emnuewk's Weapon Emporium.
 49976 | Shoals:3 | Found Tebryluq's Antique Weapon Shop.
 50075 | Shoals:3 | Found Dyolit's Gadget Shoppe.
 50083 | Shoals:3 | Bought a lamp of fire for 480 gold pieces
 50083 | Shoals:3 | Bought a box of beasts for 240 gold pieces
 50083 | Shoals:3 | Bought a box of beasts for 240 gold pieces
 50264 | Shoals:3 | Found Ciogg's Book Shoppe.
 50273 | Shoals:3 | Bought Sif Muna's Grimoire of Lethal Time for 821 gold pieces
 50288 | Shoals:3 | Found Heroqut's Jewellery Emporium.
 50407 | Shoals:3 | Found Duajee's Assorted Antiques.
 50409 | Shoals:3 | Got a shimmering ring mail
 50436 | Shoals:3 | Identified the +4 ring mail "Gac Ruhe" {Dex+3} (You found it on level 3 of the Shoals)
 50473 | Shoals:3 | Found Bodghyplo's Weapon Emporium.
 50476 | Shoals:3 | Bought a scroll labeled HEMNIO JASIUR for 28 gold pieces
 50487 | Shoals:3 | Got a fine robe
 50498 | Shoals:3 | Identified the +1 robe of Kupoj {-Tele rN+ MR+} (You acquired it on level 3 of the Shoals)
 50615 | Shoals:3 | Got a transparent halberd
 50616 | Shoals:3 | Identified the +10 halberd of Defence by Offence {antimagic, rElec rC+++ MR- Dex+3} (You found it on level 3 of the Shoals)
 51126 | Shoals:4 | Entered Level 4 of the Shoals
 51238 | Shoals:4 | Noticed Ilsuiw
 51244 | Shoals:4 | Killed Ilsuiw
 51316 | Shoals:4 | Got a polished broad axe {venom}
 51317 | Shoals:4 | Identified the +6 broad axe of Propriety {venom, rPois rN++ Str-2 SInv} (You took it off a merfolk aquamancer on level 4 of the Shoals)
 51348 | Shoals:4 | HP: 20/200 [hippogriff (7)]
 51348 | Shoals:4 | HP: 2/200 [drowned by a water nymph (8)]
 51364 | Shoals:4 | Found a bloodstained altar of Trog.
 51656 | Shoals:4 | Reached skill level 15 in Earth Magic
 51684 | Shoals:4 | Got a barnacled rune of Zot
 52100 | Dwarf:1  | Entered Level 1 of the Dwarven Fortress
 52611 | Dwarf:1  | Found Cifog's Gadget Boutique.
 52621 | Dwarf:1  | Bought a box of beasts for 260 gold pieces
 52621 | Dwarf:1  | Bought a phantom mirror for 390 gold pieces
 53148 | Dwarf:1  | Reached XP level 21. HP: 209/209 MP: 140/150
 53361 | Dwarf:1  | Learned a level 9 spell: Dragon's Call
 55211 | Dwarf:3  | Noticed Jorgrun
 55212 | Dwarf:3  | Killed Jorgrun
 56603 | Dwarf:4  | Entered Level 4 of the Dwarven Fortress
 56606 | Dwarf:4  | Reached skill level 5 in Dodging
 57215 | Dwarf:4  | Got a dwarven rune of Zot
 57235 | Dwarf:4  | Found a snail-covered altar of Cheibriados.
 57241 | Dwarf:4  | Found a snail-covered altar of Cheibriados.
 58641 | Elf:1    | Entered Level 1 of the Elven Halls
 58705 | Elf:1    | Noticed Frances
 58712 | Elf:1    | Killed Frances
 58861 | Elf:1    | Found a portal to a secret trove of treasure.
 58896 | Elf:1    | You paid a toll of 5 scrolls of blinking to enter a treasure trove
 58897 | Trove    | Entered a treasure trove
 58954 | Trove    | Got a glittering ivory amulet
 58958 | Trove    | Got a twitching tin amulet
 58975 | Trove    | Identified the amulet "Huitod" {QuickCast Str-3 Slay+3 SP+25} (You found it in a treasure trove)
 58978 | Trove    | Identified the amulet of Levity {MagicShield rElec Dex+5 Stlth-} (You found it in a treasure trove)
 59422 | Elf:2    | Reached skill level 10 in Ice Magic
 59517 | Elf:2    | Found Guciogeo's Magic Scroll Emporium.
 59555 | Elf:2    | Bought a scroll of recharging for 114 gold pieces
 59555 | Elf:2    | Bought a scroll of acquirement for 624 gold pieces
 59625 | Elf:2    | Reached XP level 22. HP: 171/171 MP: 131/150
 61167 | Elf:2    | Got a bloodstained cloak
 61178 | Elf:2    | Identified the +1 cloak of Contentment {-Cast Dex+4} (You acquired it on level 2 of the Elven Halls)
 61324 | Elf:3    | Found a sparkling altar of Nemelex Xobeh.
 61904 | Elf:4    | Entered Level 4 of the Elven Halls
 62097 | Elf:4    | Noticed Asterion
 62097 | Elf:4    | Killed Asterion
 62295 | Elf:4    | Reached skill level 10 in Dodging
 62436 | Elf:4    | Got a warped trident
 62437 | Elf:4    | Identified the +1 trident "Ytrux" {drain, rC+ Str+3} (You found it on level 4 of the Elven Halls)
 62479 | Elf:4    | Got an elven rune of Zot
 62698 | Forest:1 | Entered Level 1 of the Enchanted Forest
 63312 | Forest:1 | Got a translucent hand axe
 63313 | Forest:1 | Identified the cursed +3 hand axe "Wokhlabb" {freeze, SInv} (You found it on level 1 of the Enchanted Forest)
 64834 | Forest:2 | Got a clouded silver ring
 64909 | Forest:2 | Got a flickering jade ring
 64911 | Forest:2 | Identified the ring of Afaosot {Ice Str+2} (You found it on level 2 of the Enchanted Forest)
 64918 | Forest:2 | Identified the ring of the Establishment {Wiz *Corrode MR++ Int+5} (You found it on level 2 of the Enchanted Forest)
 65195 | Forest:2 | Noticed a giant centipede
 65197 | Forest:2 | Killed a giant centipede
 65231 | Forest:2 | Found a burning altar of Makhleb.
 65259 | Forest:2 | Noticed Margery
 65262 | Forest:2 | Killed Margery
 65616 | Forest:2 | Got a shimmering copper ring
 65681 | Forest:2 | Killed Sojobo
 65696 | Forest:2 | Got a smoking glass ring
 65794 | Forest:2 | Found an ancient bone altar of Kikubaaqudgha.
 65863 | Forest:2 | Found a shattered altar of Ashenzari.
 66095 | Forest:3 | Noticed a giant centipede
 66099 | Forest:3 | Killed a giant centipede
 66585 | Forest:3 | Reached skill level 1 in Summonings
 66834 | Forest:3 | Found a gate to the Vaults.
 68452 | Forest:4 | Reached skill level 15 in Ice Magic
 68460 | Forest:4 | Reached XP level 23. HP: 171/171 MP: 60/150
 69322 | Forest:4 | Learned a level 7 spell: Orb of Destruction
 71479 | Forest:5 | Reached skill level 5 in Summonings
 72026 | Forest:5 | Found a staircase to the Crypt.
 72238 | Forest:5 | Found a staircase to the Slime Pits.
 73976 | Forest:6 | Got a smoking bronze ring
 76679 | Forest:7 | Entered Level 7 of the Enchanted Forest
 76835 | Forest:7 | Noticed Xtahua
 76838 | Forest:7 | Killed Xtahua
 77778 | Forest:7 | Noticed the Enchantress
 77778 | Forest:7 | Killed the Enchantress
 78682 | Forest:7 | Found a staircase to the Depths.
 78806 | Forest:7 | Got a crude chain mail
 78817 | Forest:7 | Identified the +3 chain mail "Loiman" {rPois MP+25} (You found it on level 7 of the Enchanted Forest)
 79287 | Forest:7 | Identified the ring of Keting {rF+ MR+ Slay+3} (You found it on level 6 of the Enchanted Forest)
 79288 | Forest:7 | Identified the ring "Miasuxaa" {Ice rPois Dex+3} (You found it on level 2 of the Enchanted Forest)
 79289 | Forest:7 | Identified the ring of Suxkiloe {Str+4 Slay+5} (You took it off a tengu reaver on level 2 of the Enchanted Forest)
 79716 | Vaults:1 | Entered Level 1 of the Vaults
 79807 | Vaults:1 | Reached skill level 1 in Armour
 79846 | Vaults:1 | Reached skill level 10 in Summonings
 79856 | Vaults:1 | Gained mutation: Your body sometimes deteriorates upon taking damage. [mutagenic glow]
 80677 | Vaults:1 | Reached XP level 24. HP: 141/141 MP: 9/150
 81605 | Vaults:1 | Noticed Wiglaf
 81606 | Vaults:1 | Killed Wiglaf
 82307 | Vaults:2 | Reached skill level 15 in Dodging
 82366 | Vaults:2 | Identified the Almanac of Fascination (You found it on level 2 of the Vaults)
 84015 | Shoals:3 | Bought a book of Unlife for 910 gold pieces
 84585 | Vaults:3 | Reached skill level 5 in Armour
 84677 | Vaults:3 | Found a magical portal.
 84689 | WizLab   | Entered The Hall of the Hellbinder
 84985 | WizLab   | Found a burning altar of Makhleb.
 85038 | WizLab   | Identified the Almanac of Thrice Damned Blessings
 85051 | WizLab   | Identified Wouvoun's Handbook of the Entourage
 89603 | Vaults:3 | Found Onadena's Magic Scroll Emporium.
 89609 | Vaults:3 | Bought a scroll of acquirement for 988 gold pieces
 89616 | Vaults:3 | Got a pair of heavily runed gloves
 89627 | Vaults:3 | Identified the +0 pair of gloves "Gusu" {rElec} (You acquired it on level 3 of the Vaults)
 90077 | Vaults:4 | Entered Level 4 of the Vaults
 90097 | Vaults:4 | Reached skill level 20 in Air Magic
 90245 | Vaults:4 | Noticed Mara
 90246 | Vaults:4 | Killed Mara
 90246 | Vaults:4 | Reached XP level 25. HP: 114/208 MP: 30/150
 90534 | Vaults:4 | Noticed a juggernaut
 90634 | Vaults:4 | Reached skill level 15 in Summonings
 90843 | Vaults:4 | Got a silver rune of Zot
 90859 | Vaults:4 | Identified the Collected Works on Twisted Contamination (You found it on level 4 of the Vaults)
 91460 | Vaults:4 | Got a crude whip
 91908 | Crypt:1  | Entered Level 1 of the Crypt
 91915 | Crypt:1  | Learned a level 6 spell: Death Channel
 92479 | Crypt:2  | Reached skill level 21 in Air Magic
 95010 | Crypt:4  | Entered Level 4 of the Crypt
 95930 | Crypt:4  | Reached skill level 22 in Air Magic
 95965 | Crypt:4  | Found an ancient bone altar of Kikubaaqudgha.
 95970 | Crypt:4  | Found a basalt altar of Yredelemnul.
 95990 | Crypt:4  | Identified the Compendium of Mutagenic Light
 96009 | Crypt:4  | Got a creeping rune of Zot
 96045 | Crypt:4  | Got a pitted falchion
 96046 | Crypt:4  | Identified the +4 falchion "Zigeahec" {flame, Int+2} (You found it on level 4 of the Crypt)
 96870 | Slime:1  | Entered Level 1 of the Pits of Slime
 96998 | Slime:3  | Reached skill level 10 in Armour
 96998 | Slime:3  | Reached XP level 26. HP: 243/243 MP: 113/150
 97210 | Slime:4  | Entered Level 4 of the Pits of Slime
 97233 | Slime:4  | Noticed the Royal Jelly
 97237 | Slime:4  | Killed the Royal Jelly
 97593 | Slime:4  | Got a slimy trident
 97594 | Slime:4  | Identified the +9 trident "Heatwosu" {elec, *Contam +Fly rElec Int+2} (You found it on level 4 of the Pits of Slime)
 97655 | Slime:4  | Identified Sif Muna's Handbook of Light
 97683 | Slime:4  | Got an ancient hand axe
 97684 | Slime:4  | Identified the +6 hand axe "Onwipozi" {vamp, rElec rF+ rC- rN+} (You found it on level 4 of the Pits of Slime)
 97705 | Slime:4  | Got a slimy rune of Zot
 97752 | Slime:4  | Got a dazzling rapier
 97753 | Slime:4  | Identified the +9 rapier "Grim Tooth" {flame, rF+ Dex+3} (You found it on level 4 of the Pits of Slime)
 98166 | Depths:1 | Entered Level 1 of the Depths
 98583 | Depths:1 | Noticed a juggernaut
 98588 | Depths:1 | Killed a juggernaut
 98907 | Depths:1 | Noticed a giant centipede
 98908 | Depths:1 | Killed a giant centipede
 98918 | Depths:1 | Found Ynlery's Weapon Shop.
 99002 | Depths:1 | Reached skill level 23 in Air Magic
 99381 | Depths:1 | Found a runed door.
100153 | Depths:1 | Found a gateway to a ziggurat.
101192 | Depths:1 | Found a gateway to Hell.
101445 | Hell     | Entered the Vestibule of Hell
101496 | Zig:1    | Entered Level 1 of a ziggurat
101520 | Zig:2    | Entered Level 2 of a ziggurat
101711 | Zig:2    | Got a pitted plate armour
101722 | Zig:2    | Identified the cursed +0 plate armour of the Arcane {rF+ rC+} (You found it on level 2 of a ziggurat)
101765 | Zig:3    | Entered Level 3 of a ziggurat
101803 | Zig:3    | Got a shimmering spear
101804 | Zig:3    | Identified the cursed +1 spear of the Lost Mice {pain, Dex+2} (You found it on level 3 of a ziggurat)
101830 | Zig:3    | Identified the Volume of Ignition and Translocation (You found it on level 3 of a ziggurat)
101863 | Zig:4    | Entered Level 4 of a ziggurat
102184 | Zig:5    | Entered Level 5 of a ziggurat
102193 | Zig:5    | Reached skill level 1 in Shields
102200 | Zig:5    | HP: 18/222 [shot self (66)]
102268 | Zig:6    | Entered Level 6 of a ziggurat
102276 | Zig:6    | Noticed a giant centipede
102276 | Zig:6    | Killed a giant centipede
102359 | Zig:7    | Entered Level 7 of a ziggurat
102377 | Zig:7    | Reached skill level 5 in Axes
102427 | Zig:7    | Identified the Handbook of Venomous Darkness
102432 | Zig:7    | Got a faintly glowing chain mail
102450 | Zig:7    | Identified Sif Muna's Reference Book on Snow and Combat Magic (You found it on level 7 of a ziggurat)
102489 | Zig:8    | Entered Level 8 of a ziggurat
102519 | Zig:8    | Reached skill level 5 in Fighting
102732 | Zig:8    | Got an ancient amber ring
102743 | Zig:8    | Identified the Reference Book on Air and Darkness
102744 | Zig:8    | Identified the cursed +1 chain mail of Philately {RegenHP+ SP+25} (You found it on level 7 of a ziggurat)
103023 | Zig:8    | Identified the ring "Neneplodaph" {EV+3 Str+2 Int+6 Stlth-} (You found it on level 8 of a ziggurat)
103034 | Zig:9    | Entered Level 9 of a ziggurat
103049 | Zig:9    | Noticed an ancient lich
103051 | Zig:9    | Killed an ancient lich
103269 | Zig:9    | Got a smoking buckler
103270 | Zig:9    | Identified the cursed +0 buckler "Fuzoe" {-Tele rPois rF+++ Int-2} (You found it on level 9 of a ziggurat)
103281 | Zig:10   | Entered Level 10 of a ziggurat
103296 | Zig:10   | Reached skill level 24 in Air Magic
103366 | Zig:10   | Got an ichor-stained chain mail
103370 | Zig:10   | Got a distressingly furry plate armour
103386 | Zig:11   | Entered Level 11 of a ziggurat
103446 | Zig:11   | Identified Cikhaghu's Catalogue of Creative Transformation
103448 | Zig:11   | Identified Sif Muna's Compendium of the Supportive Frostbite
103454 | Zig:11   | Got a slimy silver amulet
103523 | Zig:12   | Entered Level 12 of a ziggurat
103653 | Zig:12   | Got a clouded tin amulet
103661 | Zig:12   | Identified the Guide on Torrid Time
103713 | Zig:13   | Entered Level 13 of a ziggurat
103782 | Zig:13   | Got an ichor-stained scale mail
103794 | Zig:13   | Got a flickering platinum ring
103820 | Zig:13   | Identified the cursed +1 whip "Ugitah" {feather, Str+5 Int-2} (You found it on level 4 of the Vaults)
103822 | Zig:13   | Identified the amulet of Osyitzes {Faith rElec MR+ Str+3 Slay-4} (You found it on level 11 of a ziggurat)
103828 | Zig:13   | Identified the amulet "Vyqynyi" {Reflect MR+ Int+2 SH+2} (You found it on level 12 of a ziggurat)
103830 | Zig:13   | Identified the +6 chain mail of Esydim {RegenHP+ MP+25 Str+2} (You found it on level 10 of a ziggurat)
103831 | Zig:13   | Identified the ring of Udeczium {*Tele Dex+4 Slay+6} (You found it on level 13 of a ziggurat)
103832 | Zig:13   | Identified the +10 plate armour of Wuimiu Cune {+Inv rElec MP-25 Int+6} (You found it on level 10 of a ziggurat)
103833 | Zig:13   | Identified the +7 scale mail of Cowardice {Int+3 SP+25} (You found it on level 13 of a ziggurat)
103854 | Zig:14   | Entered Level 14 of a ziggurat
103867 | Zig:14   | Noticed an ancient lich
103868 | Zig:14   | Got a brightly glowing scale mail
103869 | Zig:14   | Noticed a juggernaut
103871 | Zig:14   | Killed a juggernaut
103874 | Zig:14   | Killed an ancient lich
103885 | Zig:14   | Noticed a juggernaut
103887 | Zig:14   | Killed a juggernaut
104265 | Zig:14   | Identified the Guide on Darkness and Light
104270 | Zig:14   | Identified the Disquisition on Companions and Venom
104271 | Zig:14   | Reached skill level 5 in Shields
104274 | Zig:15   | Entered Level 15 of a ziggurat
104419 | Zig:15   | Got a scintillating copper ring
104420 | Zig:15   | Identified the ring "Commoeve" {+Blink Int-3 SInv Stlth+} (You found it on level 15 of a ziggurat)
104421 | Zig:15   | Identified the cursed +0 scale mail of Ofaonu {rN++ Int-3 Dex+2} (You found it on level 14 of a ziggurat)
104432 | Zig:15   | Got a dazzling chain mail
104433 | Zig:15   | Identified the +12 chain mail of the Apprentice {rF+ Int+3 Dex+2} (You found it on level 15 of a ziggurat)
104438 | Zig:16   | Entered Level 16 of a ziggurat
104478 | Zig:16   | Reached XP level 27. HP: 263/263 MP: 120/150
104506 | Zig:16   | Identified the Compendium of Supportive Light (You found it on level 16 of a ziggurat)
104584 | Zig:17   | Entered Level 17 of a ziggurat
104970 | Zig:17   | Got a sparkling sapphire amulet
104976 | Zig:17   | Got a transparent scale mail
104981 | Zig:18   | Entered Level 18 of a ziggurat
105467 | Zig:19   | Entered Level 19 of a ziggurat
105482 | Zig:19   | Noticed Oraetisa the pandemonium lord
105483 | Zig:19   | Killed Oraetisa the pandemonium lord
105483 | Zig:19   | Reached skill level 25 in Air Magic
105781 | Zig:19   | Got a glittering copper amulet
105850 | Zig:20   | Entered Level 20 of a ziggurat
105880 | Zig:20   | Reached skill level 1 in Staves
105937 | Zig:20   | Got a transparent jade ring
106051 | Zig:21   | Entered Level 21 of a ziggurat
106517 | Zig:21   | Identified the Papyrus of Boosting Earth
106533 | Zig:21   | Got a warped lapis lazuli ring
106570 | Zig:21   | Got a faintly glowing hat
106581 | Zig:21   | Identified the +2 hat of the Vacuum {rPois} (You acquired it on level 21 of a ziggurat)
106582 | Zig:22   | Entered Level 22 of a ziggurat
106622 | Zig:22   | Killed an ancient lich
106622 | Zig:22   | Reached skill level 10 in Fighting
106627 | Zig:22   | Noticed an ancient lich
106627 | Zig:22   | Killed an ancient lich
106655 | Zig:22   | Noticed an ancient lich
106655 | Zig:22   | Killed an ancient lich
106655 | Zig:22   | Reached skill level 5 in Staves
106785 | Zig:22   | Got a translucent ice dragon armour
106786 | Zig:22   | Identified the +5 scale mail of Awe {rC+} (You found it on level 17 of a ziggurat)
106787 | Zig:22   | Identified the cursed +1 ice dragon armour of Celuphezol {*Confuse rF- rC++ rCorr SP+25} (You found it on level 22 of a ziggurat)
106829 | Zig:22   | Identified the Compendium of Orientation (You found it on level 22 of a ziggurat)
106914 | Zig:23   | Entered Level 23 of a ziggurat
106940 | Zig:23   | Noticed a giant centipede
106942 | Zig:23   | Killed a giant centipede
106957 | Zig:23   | Killed a giant centipede
106961 | Zig:23   | Noticed a giant centipede
106962 | Zig:23   | Killed a giant centipede
107062 | Zig:23   | Got an ancient turquoise ring
107070 | Zig:23   | Got a coiled lead ring
107072 | Zig:23   | Got a smoking bone amulet
107099 | Zig:23   | Identified Lehudib's Incunabulum of Earth (You found it on level 23 of a ziggurat)
107108 | Zig:23   | Identified the amulet "Okerium" {Inacc rPois MR++ MP+25} (You found it on level 17 of a ziggurat)
107109 | Zig:23   | Identified the ring of Free Will {Wiz Str-2 Dex+5 SInv} (You found it on level 23 of a ziggurat)
107110 | Zig:23   | Identified the amulet of the Townfolk {RegenSP rElec rF+ MR+ Dex-3 Stlth+} (You found it on level 19 of a ziggurat)
107111 | Zig:23   | Identified the ring of the Evil One {rCorr rC+ Int+5} (You found it on level 21 of a ziggurat)
107112 | Zig:23   | Identified the ring of Heallan {Str+4 Dex+2} (You found it on level 20 of a ziggurat)
107113 | Zig:23   | Identified the ring "Nydon" {rPois rN++ Dex+3 SP-25} (You found it on level 23 of a ziggurat)
107114 | Zig:23   | Identified the amulet "Lumnep" {RegenMP rC+} (You found it on level 23 of a ziggurat)
107128 | Zig:24   | Entered Level 24 of a ziggurat
107171 | Zig:24   | Noticed an ancient lich
107205 | Zig:24   | Killed an ancient lich
107268 | Zig:24   | Lost mutation: Your mind is very acute. (Int +4) [potion of cure mutation]
107268 | Zig:24   | Lost mutation: Your body sometimes deteriorates upon taking damage. [potion of cure mutation]
107452 | Zig:24   | Got a distressingly furry chain mail
107460 | Zig:24   | Got a brightly glowing plate armour
107462 | Zig:24   | Got a pitted buckler
107463 | Zig:24   | Identified the +3 chain mail of Gozag's Reproof {+Fly rC- Str+4} (You found it on level 24 of a ziggurat)
107464 | Zig:24   | Identified the +15 plate armour of the King of the Hill {*Corrode rPois Str+2} (You found it on level 24 of a ziggurat)
107465 | Zig:24   | Identified the +1 buckler "Ruskintowke" {rF++ Dex+3} (You found it on level 24 of a ziggurat)
107586 | Zig:25   | Entered Level 25 of a ziggurat
107591 | Zig:25   | Got a crystal trident
107592 | Zig:25   | Identified the cursed +0 trident of Dithmenos's Scorn {pierce, rElec rF- Stlth+} (You found it on level 25 of a ziggurat)
107645 | Zig:25   | Reached skill level 26 in Air Magic
107886 | Zig:25   | Identified Vanau's Grimoire of Poison and Hexes
107893 | Zig:25   | Got a shimmering bardiche
107894 | Zig:25   | Identified the cursed +1 bardiche of Sunlight {chop, Dex+2} (You found it on level 25 of a ziggurat)
107910 | Zig:25   | Identified the Almanac of Beguiling and Battle Magic
107931 | Zig:25   | Identified the Compendium of Supportive Poisoning
107980 | Zig:25   | Got a jewelled hat
107991 | Zig:25   | Identified the +0 hat of Uvim {*Corrode Str+3 Int+5} (You acquired it on level 25 of a ziggurat)
108050 | Zig:25   | Reached skill level 5 in Evocations
108052 | Zig:25   | Reached skill level 10 in Staves
108056 | Zig:26   | Entered Level 26 of a ziggurat
108107 | Zig:26   | Noticed a giant centipede
108109 | Zig:26   | Killed a giant centipede
108109 | Zig:26   | Reached XP level 28. HP: 136/241 MP: 23/150
108115 | Zig:26   | Killed a giant centipede
108131 | Zig:26   | Reached skill level 27 in Air Magic
108139 | Zig:26   | Noticed a juggernaut
108139 | Zig:26   | Killed a juggernaut
108161 | Zig:26   | Reached skill level 15 in Fighting
108262 | Zig:26   | Got a shimmering steel ring
108320 | Zig:26   | Gained mutation: New mutations are dramatically more likely to enhance existing mutations. [potion of beneficial mutation]
108377 | Zig:26   | Learned a level 8 spell: Chain Lightning
108378 | Zig:27   | Entered Level 27 of a ziggurat
108394 | Zig:27   | Noticed a giant centipede
108395 | Zig:27   | Killed a giant centipede
108430 | Zig:27   | Killed a giant centipede
108553 | Zig:27   | Identified the Reference Book on Congealing Time
108562 | Zig:27   | Identified the Papyrus of Icy Light
108677 | Zig:1    | Entered Level 1 of a ziggurat
108705 | Zig:1    | Gained mutation: You have a much better chance of losing mutations. [potion of beneficial mutation]
108706 | Zig:1    | Reached skill level 15 in Armour
108706 | Zig:1    | Reached skill level 10 in Shields
108706 | Zig:1    | Reached skill level 10 in Evocations
108733 | Zig:2    | Entered Level 2 of a ziggurat
108782 | Zig:3    | Entered Level 3 of a ziggurat
108830 | Zig:3    | Got an iridescent rapier
108831 | Zig:3    | Identified the +4 rapier of Eternal Harmony {vamp, rF+ rC+} (You found it on level 3 of a ziggurat)
108834 | Zig:4    | Entered Level 4 of a ziggurat
108900 | Zig:5    | Entered Level 5 of a ziggurat
108971 | Zig:6    | Entered Level 6 of a ziggurat
108977 | Zig:6    | Noticed Qysom the pandemonium lord
108977 | Zig:6    | Killed Qysom the pandemonium lord
109033 | Zig:7    | Entered Level 7 of a ziggurat
109075 | Zig:7    | Got a brightly glowing bone amulet
109096 | Zig:7    | Got a translucent demon trident
109097 | Zig:7    | Identified the +5 demon trident "Hanihuq" {pierce, Fragile rPois Str-2 Int+6} (You found it on level 7 of a ziggurat)
109100 | Zig:8    | Entered Level 8 of a ziggurat
109165 | Zig:8    | Identified Sif Muna's Disquisition on Toxins and Light
109174 | Zig:8    | Got an encrusted falchion
109175 | Zig:8    | Identified the +8 falchion of Courage {pain, rN++ Dex+3} (You found it on level 8 of a ziggurat)
109195 | Zig:9    | Entered Level 9 of a ziggurat
109235 | Zig:9    | Identified the Disquisition on Frigorific Fire
109282 | Zig:10   | Entered Level 10 of a ziggurat
109295 | Zig:10   | Noticed an orb of fire
109295 | Zig:10   | Killed an orb of fire
109296 | Zig:10   | Killed an orb of fire
109369 | Zig:10   | Identified Xoge's Tome of Darkness
109372 | Zig:10   | Identified Nodesopt's Incunabulum of Augmentations
109462 | Zig:11   | Entered Level 11 of a ziggurat
109567 | Zig:11   | Got a fine morningstar
109567 | Zig:11   | Got a heavily runed ring mail
109568 | Zig:11   | Identified the cursed +1 morningstar of Raups {venom, rElec} (You found it on level 11 of a ziggurat)
109580 | Zig:11   | Identified the +2 ring mail "Ocuan" {Dex+3} (You found it on level 11 of a ziggurat)
109599 | Zig:11   | Got a smoking tin ring
109612 | Zig:11   | Got a bloodstained hat
109623 | Zig:11   | Identified the +1 hat of Ginuday {+Blink rF- rN+ Str+2} (You acquired it on level 11 of a ziggurat)
109634 | Zig:12   | Entered Level 12 of a ziggurat
109656 | Zig:12   | Noticed a greater mummy
109658 | Zig:12   | Killed a greater mummy
109742 | Zig:12   | Identified the Collected Works on Enhancements and Dislocation
109747 | Zig:12   | Identified the Collected Works on Darkness and Summoning
109776 | Zig:12   | Got an encrusted plate armour
109781 | Zig:13   | Entered Level 13 of a ziggurat
109799 | Zig:13   | Noticed an ancient lich
109799 | Zig:13   | Killed an ancient lich
109800 | Zig:13   | Killed an ancient lich
109800 | Zig:13   | Identified the amulet of Dutrevov {Faith Str+3 Int+2} (You found it on level 7 of a ziggurat)
109839 | Zig:13   | Got a translucent iron amulet
109847 | Zig:13   | Identified Oce Zowu's Collected Works on Enchantment and Flight
109925 | Zig:14   | Entered Level 14 of a ziggurat
109989 | Zig:14   | Noticed Kinin the pandemonium lord
109989 | Zig:14   | Killed Kinin the pandemonium lord
110108 | Zig:14   | Identified the Grimoire of Shifting Talismans
110169 | Zig:15   | Entered Level 15 of a ziggurat
110191 | Zig:15   | Reached skill level 27 in Fire Magic
110567 | Zig:16   | Entered Level 16 of a ziggurat
110585 | Zig:16   | Noticed a giant centipede
110586 | Zig:16   | Killed a giant centipede
110589 | Zig:16   | Killed a giant centipede
110590 | Zig:16   | Noticed a giant centipede
110591 | Zig:16   | Killed a giant centipede
110591 | Zig:16   | Reached skill level 28 in Air Magic
110844 | Zig:17   | Entered Level 17 of a ziggurat
110938 | Zig:17   | Identified the Compendium of Confrontation and Enchantment
111009 | Zig:17   | Got a twisted buckler
111010 | Zig:17   | Identified the +1 buckler of Loss {MP+25} (You found it on level 17 of a ziggurat)
111024 | Zig:18   | Entered Level 18 of a ziggurat
111052 | Zig:18   | Reached skill level 15 in Staves
111351 | Zig:19   | Entered Level 19 of a ziggurat
111369 | Zig:19   | Reached XP level 29. HP: 281/281 MP: 72/150
111735 | Zig:19   | Got a slimy silver ring
111795 | Zig:19   | Gained mutation: Your mind is very acute. (Int +4) [potion of beneficial mutation]
111830 | Zig:19   | Identified the +2 plate armour of Irrom {rPois rC- Str+5 Dex-2} (You found it on level 12 of a ziggurat)
111846 | Zig:20   | Entered Level 20 of a ziggurat
111861 | Zig:20   | Got an emerald-encrusted ring mail
112052 | Zig:20   | Got an ancient chain mail
112053 | Zig:20   | Identified the +4 ring mail "Quskaqa" {+Blink MR- Int+5} (You found it on level 20 of a ziggurat)
112054 | Zig:20   | Identified the +0 chain mail of Xuos {rC+ MR+} (You found it on level 20 of a ziggurat)
112055 | Zig:20   | Identified the ring of the Jester {rCorr rElec rPois Int-3} (You found it on level 19 of a ziggurat)
112056 | Zig:20   | Identified the ring of Kikubaaqudgha's Scorn {rElec rF++ rN+ Dex+5} (You found it on level 11 of a ziggurat)
112057 | Zig:20   | Identified the amulet of Hiwexz Ofrik {MagicShield rElec} (You found it on level 13 of a ziggurat)
112061 | Zig:20   | Got an ancient garnet amulet
112068 | Zig:20   | Identified the Almanac of the Glacial Birds
112187 | Zig:21   | Entered Level 21 of a ziggurat
112196 | Zig:21   | Noticed a giant centipede
112196 | Zig:21   | Killed a giant centipede
112217 | Zig:21   | Killed a giant centipede
112217 | Zig:21   | Killed a giant centipede
112403 | Zig:21   | Got a thick robe
112414 | Zig:21   | Identified the +2 robe "Xuaniokk" {rCorr Dex-3 Slay+4} (You found it on level 21 of a ziggurat)
112430 | Zig:21   | Got a wavering graven amulet
112453 | Zig:21   | Identified the Collected Works on the Voyage and Darkness (You found it on level 21 of a ziggurat)
112476 | Zig:22   | Entered Level 22 of a ziggurat
112777 | Zig:22   | Identified the Papyrus of Unstable Time
112787 | Zig:22   | Got a wavering granite ring
112806 | Zig:23   | Entered Level 23 of a ziggurat
113230 | Zig:23   | Got a crude bronze amulet
113250 | Zig:23   | Identified the Reference Book on Protection and Light
113268 | Zig:23   | Got a vibrating amber ring
113280 | Zig:23   | Identified the amulet of Joonkuil {RegenMP rPois rC+ Slay+6} (You found it on level 20 of a ziggurat)
113281 | Zig:23   | Identified the amulet "Idyxufomp" {StaminaShield rC++} (You found it on level 23 of a ziggurat)
113282 | Zig:23   | Identified the ring "Nuygh" {Wiz Str+3} (You found it on level 23 of a ziggurat)
113284 | Zig:23   | Identified the ring of Bejuhisch {rF+ rC+ Int+3 SP+25} (You found it on level 22 of a ziggurat)
113297 | Zig:24   | Entered Level 24 of a ziggurat
113477 | Zig:24   | Identified Aruel's Incunabulum of the Supportive Blaze
113492 | Zig:24   | Identified the Reference Book on Time and Feathers
113512 | Zig:24   | Got a clouded glass ring
113521 | Zig:24   | Got a transparent tin amulet
113522 | Zig:24   | Gained mutation: Your mind is very acute. (Int +4) [potion of beneficial mutation]
113536 | Zig:25   | Entered Level 25 of a ziggurat
113573 | Zig:25   | Reached skill level 15 in Evocations
113857 | Zig:25   | Identified Sif Muna's Compendium of Mutagenic Lightness
113883 | Zig:25   | Identified the Compendium of Unholy Protection
114009 | Zig:26   | Entered Level 26 of a ziggurat
114390 | Zig:26   | Got a heavily runed steel ring
114394 | Zig:26   | Identified Dateun's Tome of the Volcanoes and Time
114410 | Zig:26   | Got a wavering pewter amulet
114560 | Zig:27   | Entered Level 27 of a ziggurat
114583 | Zig:27   | Reached skill level 29 in Air Magic
114594 | Zig:27   | HP: 14/281 [poisoned by an emperor scorpion]
114594 | Zig:27   | Demolished by a tarantella

Skill      XL: |  1  2  3  4  5  6  7  8  9 10 11 12 13 14 15 16 17 18 19 20 21 22 23 24 25 26 27 28 29 |
---------------+----------------------------------------------------------------------------------------+-----
Conjurations   | 5 6 7 8 9 10 | 10.0
Ice Magic      | 1 2 3 4 6 7 10 15 18 21 22 23 25 26 | 26.9
Spellcasting   | 4 5 6 7 9 10 12 14 15 17 19 21 22 | 22.8
Evocations     | 1 2 3 9 13 15 | 15.8
Air Magic      | 3 5 7 10 13 16 17 19 20 22 24 26 28 29 | 29.0
Fighting       | 2 4 8 14 17 19 | 19.6
Long Blades    | 1 |  1.2
Axes           | 3 4 7 8 9 |  9.8
Earth Magic    | 3 7 10 11 13 15 17 19 20 21 22 23 24 25 | 25.2
Fire Magic     | 9 14 19 20 21 22 24 25 27 28 | 28.5
Dodging        | 8 11 14 16 18 20 22 23 24 | 24.3
Summonings     | 2 10 14 17 19 21 22 | 22.8
Armour         | 3 7 10 12 14 15 17 | 17.0
Shields        | 5 9 11 12 | 12.4
Staves         | 11 15 | 15.0
Stealth        | |  2.5

Action                   |  1- 3 |  4- 6 |  7- 9 | 10-12 | 13-15 | 16-18 | 19-21 | 22-24 | 25-27 | 28-30 || total
-------------------------+-------+-------+-------+-------+-------+-------+-------+-------+-------+-------++-------
Melee: Unarmed           |       |     1 |     4 |    38 |       |       |       |       |    24 |       ||    67
       Hand axe          |       |       |       |     9 |    23 |       |    22 |     7 |    25 |    27 ||   113
       Long sword        |       |       |       |     3 |       |       |       |       |       |       ||     3
       Staff             |       |       |       |       |       |       |       |       |    55 |       ||    55
       Quarterstaff      |       |       |       |       |       |       |       |       |    16 |       ||    16
Throw: Stone             |       |       |       |       |       |       |     1 |       |       |       ||     1
 Cast: Magic Dart        |   114 |   104 |       |     3 |       |    43 |     6 |       |       |       ||   270
       Iskenderun's Myst |       |    93 |   220 |    23 |   209 |  1075 |  1694 |       |       |       ||  3314
       Iskenderun's Batt |       |     4 |     1 |     9 |       |    19 |     4 |       |       |       ||    37
       Freezing Cloud    |       |       |       |   301 |   592 |    72 |     5 |       |       |       ||   970
       Tornado           |       |       |       |       |     7 |    15 |    13 |     5 |    13 |     2 ||    55
       Shatter           |       |       |       |       |       |     2 |    23 |   117 |    88 |       ||   230
       Fire Storm        |       |       |       |       |       |       |   221 |   742 |   862 |   580 ||  2405
       Glaciate          |       |       |       |       |       |       |       |     2 |    13 |       ||    15
       Orb of Destructio |       |       |       |       |       |       |       |     2 |       |       ||     2
       Dragon's Call     |       |       |       |       |       |       |       |       |     1 |       ||     1
 Abil: Release Summoned  |       |       |       |       |       |       |       |       |     1 |       ||     1
Evoke: Wand              |       |       |       |       |     1 |     5 |     4 |     5 |    36 |    10 ||    61
       Disc of storms    |       |       |       |       |       |       |       |       |    10 |       ||    10
       Phantom mirror    |       |       |       |       |       |       |       |       |     2 |       ||     2
       Box of beasts     |       |       |       |       |       |       |       |       |     1 |       ||     1
       Sack of spiders   |       |       |       |       |       |       |       |       |     1 |       ||     1
       Figurine of a zig |       |       |       |       |       |       |       |       |       |     1 ||     1
  Use: Scroll            |    11 |     7 |    20 |     4 |     2 |     9 |    19 |    14 |    36 |    14 ||   136
       Potion            |       |       |     1 |       |     3 |     5 |     4 |     2 |    12 |     9 ||    36
Armor: Robe              |     6 |    12 |    27 |    20 |    42 |    61 |    63 |    41 |   131 |       ||   403
       Chain mail        |       |       |       |       |       |       |       |       |       |   138 ||   138
       Plate armour      |       |       |       |       |       |       |       |       |       |     2 ||     2
Dodge: Dodged            |    21 |    46 |    99 |    56 |   139 |   112 |   191 |    89 |   382 |   182 ||  1317
Block: Shield            |       |     7 |       |       |       |       |       |       |       |       ||     7
       Buckler           |       |       |       |       |       |    25 |    40 |    37 |    16 |    69 ||   187
       Reflection        |       |       |       |       |       |       |     5 |    10 |     5 |       ||    20
